AoeStats
← Pr Hapi

Glade

510513326Analyzed
1v1 RM · 2d ago on Oct 1, 2026· 24m 24s· 2 players
Game mode
Random Map
Map size
Tiny (2 player)
Population
200
Speed
Normal
Resources
Standard
Victory
Conquest
Starting age
Dark Age
Ending age
Imperial Age
RankedLock teamsTeams togetherTeam positionsShared explorationLock speedFull tech treeHidden civsTurbo modeCheats
Victory
Defeat
🇫🇮 Franks · Finland
1009
+15
🇯🇵 Koreans · Japan
986
-15
dirthmelon
10:50 Feudal Age
12:18 Wheelbarrow
15:31 Castle Age
14:07 Scale Mail Armor
14:40 Town Watch
14:53 Loom
15:37 Pikeman
16:06 Double-Bit Axe
16:07 Horse Collar
18:24 Gold Mining
Pr Hapi
12:09 Feudal Age
13:21 Double-Bit Axe
17:07 Castle Age
18:26 Wheelbarrow
20:57 Light Cavalry
24:54 Scale Barding Armor
25:00 Forging
25:13 Hand Cart
Connection lost

Rejoining the realm…

Still unreachable

The connection could not be restored.

Session expired

The server has moved on; the page needs a fresh start.